 Dungeon Crawl Stone Soup version 0.24-a0-725-gf1a930fc54 (webtiles) character file.

Game seed: 17393787586784194887, levelgen mode: deterministic

30 Kairok the Sneak (level 3, 18/18 HPs)
             Began as a Vine Stalker Assassin on Oct 1, 2019.
             Quit the game on level 1 of the Dungeon.
             The game lasted 00:01:16 (1231 turns).

Kairok the Sneak (Vine Stalker Assassin)            Turns: 1231, Time: 00:01:17

Health: 18/18      AC:  7    Str: 13    XL:     3   Next: 20%
Magic:  4/4        EV: 10    Int: 11    God:
Gold:   44         SH:  0    Dex: 16    Spells: 2/2 levels left

rFire    . . .     SeeInvis .   a - +2 dagger
rCold    . . .     Gourm    .   (no shield)
rNeg     . . .     Faith    .   i - +0 ring mail (curse)
rPois    .         Spirit   +   (no helmet)
rElec    .         Reflect  .   c - +0 cloak
rCorr    .         Harm     .   g - +0 pair of gloves
MR       .....                  (no boots)
Stlth    +++.......             (no amulet)
HPRegen  0.06/turn              (no ring)
MPRegen  0.09/turn              (no ring)

@: no status effects
A: fangs 2, magic shield, antimagic bite, no potion heal 3, rot immunity
a: no special abilities


You were on level 1 of the Dungeon.
You were hungry.

You visited 1 branch of the dungeon, and saw 1 of its levels.

You collected 44 gold pieces.

Inventory:

Hand Weapons
 a - a +2 dagger (weapon)
Missiles
 d - 8 poisoned darts (quivered)
 e - 2 curare-tipped darts
Armour
 b - a +0 robe
 c - a +0 cloak (worn)
 g - a +0 pair of gloves (worn)
 h - a +0 ring mail
 i - a cursed +0 ring mail (worn)
Comestibles
 f - 3 rations


   Skills:
 + Level 2.0 Fighting
 + Level 1.8 Short Blades
 + Level 1.7 Throwing
 + Level 0.2 Armour
 + Level 1.1 Dodging
 + Level 5.7 Stealth


You had 2 spell levels left.
You didn't know any spells.
Your spell library was empty.

Dungeon Overview and Level Annotations

Branches:
Dungeon (1/15)

Altars:


Innate Abilities, Weirdness & Mutations

You have extremely sharp teeth.
When hurt, damage is shared between your health and your magic reserves.
Your bite disrupts and absorbs the magic of your enemies.
Potions cannot restore your health.
You are immune to rotting.


Message History

No target in view!
No target in view!
No target in view!
No target in view!
No target in view!
No target in view!
No target in view!
No target in view!
No target in view!
No target in view!
No target in view!
No target in view!
No target in view!
No target in view!
No target in view!
Unknown command.
Unknown command.
Unknown command.
Unknown command.
Are you sure you want to abandon this character and quit the game? (Confirm with "yes".)

#.# #.#
########### #$#
#...bh(.... #.#
#.########.
#.######.## #.
#.##......# ##
#†##......########
#@##..............
#.##.......#######
#........#.##.....
##########....###.
########. #...
#... #... #...


There were no monsters in sight!

Vanquished Creatures
  3 dart slugs (D:1)
  2 goblins (D:1)
  2 hobgoblins (D:1)
  6 jackals (D:1)
  4 bats (D:1)
  2 kobolds (D:1)
  4 rats (D:1)
23 creatures vanquished.

Notes
Turn   | Place    | Note
-------+----------+-------------------------------------------
     0 | D:1      | Kairok the Vine Stalker Assassin began the quest for the
                  | Orb.
     0 | D:1      | Reached XP level 1. HP: 11/11 MP: 2/2
    54 | D:1      | Reached skill level 5 in Stealth
   161 | D:1      | Reached XP level 2. HP: 3/15 MP: 3/3
   854 | D:1      | Reached XP level 3. HP: 8/18 MP: 2/4
   992 | D:1      | Reached skill level 1 in Dodging
  1231 | D:1      | Quit the game

Levels and vault maps discovered:
D:1:      dpeg_arrival_tiny_j, layout_basic, chequers_serial_rivers_micro_d,
          serial_park_tiny_pond, st_stairs_2, hex_intersection

Skill      XL: |  1  2  3 |
---------------+----------+-----
Stealth        | 5 |  5.7
Fighting       | 2 |  2.0
Dodging        | 1 |  1.1
Short Blades   | |  1.8
Throwing       | |  1.7
Armour         | |  0.2

Action                   || total
-------------------------++-------
Melee: Dagger            ||    53
       Bite              ||    14
  Use: Scroll            ||     1
 Stab: Sleeping          ||     4
Armor: Ring mail         ||    36
Dodge: Dodged            ||    46

Table legend:
 A = Non-vault XP
 B = Vault XP
 C = Vault XP percentage of total XP
 D = Non-vault monster count
 E = Vault monster count
 F = Vault count percentage of total count
                 A         B        C        D         E       F
            +---------+---------+-------+---------+---------+-------
      Total |      42 |       2 |   4.5 |      21 |       2 |   8.7
            +---------+---------+-------+---------+---------+-------
        D:1 |      42 |       2 |   4.5 |      21 |       2 |   8.7
            +---------+---------+-------+---------+---------+-------
